Map: Oxide LE

Players

Elfigus - Winner!

  • Race: Terran Terran
  • League: Diamond
  • Spawn Location: 1:00

Munte

  • Race: Zerg Zerg
  • Spawn Location: 7:00

VOD

Have the link to the VOD?

Description

Time

  • Played on: Oct. 2, 2020, 1:55 a.m.
  • Length: 13:00
Show
View Real Time Build Order
Export as new Build Order

Elfigus Terran - Winner!

Build Orders: 2 Factory, Reaper Expand 

Get SALT Encoding   

  12  0:00  SCV  
  13  0:12  SCV  
  14  0:17  Supply Depot  
  14  0:24  SCV  
  15  0:39  SCV, Barracks  
  16  0:45  Refinery  
  16  0:51  SCV  
  17  1:03  SCV  
  18  1:15  SCV  
  19  1:28  Reaper, Orbital Command  
  20  1:41  Command Center  
  20  1:53  SCV  
  21  1:57  Supply Depot  
  21  2:07  Factory  
  21  2:09  SCV  
  21  2:13  Refinery  
  22  2:21  SCV  
  23  2:23  Barracks Reactor  
  23  2:34  SCV  
  24  2:46  SCV  
  25  2:55  Orbital Command  
  25  2:58  SCV  
  25  3:01  Supply Depot  
  26  3:08  Barracks Tech Lab, Factory  
  26  3:09  Hellion x2  
  26  3:10  SCV  
  31  3:21  SCV  
  31  3:23  SCV  
  33  3:31  Hellion x2  
  33  3:34  SCV  
  38  3:35  SCV  
  39  3:44  Command Center  
  39  3:49  SCV x2  
  39  3:54  Factory Tech Lab  
  39  3:55  Supply Depot  
  41  3:58  Hellion  
  41  4:01  SCV x2  
  45  4:08  Factory  
  45  4:13  SCV x2  
  45  4:14  Cyclone  
  50  4:18  Infernal Pre-Igniter  
  50  4:21  Hellion  
  52  4:38  SCV x2  
  54  4:49  Refinery x2  
  54  4:50  SCV x2  
  54  4:52  Barracks Tech Lab  
  56  4:56  Cyclone  
  56  4:59  Orbital Command  
  59  5:03  SCV x2  
  61  5:08  Supply Depot x2  
  61  5:12  Mag-Field Accelerator  
  61  5:13  Cyclone  
  61  5:14  Hellion x2  
  68  5:15  SCV  
  69  5:22  SCV  
  69  5:26  Orbital Command  
  66  5:30  Cyclone  
  66  5:31  Supply Depot  
  66  5:34  SCV x2  
  66  5:35  Hellion x2  
  75  5:44  Factory  
  75  5:46  SCV x2  
  77  5:50  Cyclone, Supply Depot  
  77  5:51  Supply Depot, SCV  
  81  5:58  SCV  
  81  5:59  SCV  
  81  6:03  SCV  
  84  6:07  Supply Depot, Armory  
  84  6:11  SCV, Factory  
  85  6:16  Cyclone  
  88  6:21  Hellion x2  
  90  6:30  Supply Depot  
  90  6:32  Cyclone, Hellion  
  93  6:34  SCV x2  
  93  6:35  SCV  
  94  6:42  Hellion  
  94  6:46  SCV  
  94  6:47  SCV x2  
  92  6:54  Hellion  
  92  6:55  Hellion  
  92  6:59  SCV x3  
  103  7:15  Hellion x2  
  103  7:16  Hellion  
  103  7:17  Hellion x2  
  104  7:23  SCV x3  
  104  7:27  Command Center  
  104  7:28  Refinery  
  104  7:29  Refinery  
  107  7:30  Command Center  
  107  7:32  Supply Depot, Factory Tech Lab  
  107  7:34  Supply Depot  
  107  7:36  Supply Depot  
  109  7:37  Hellion  
  109  7:39  Factory  
  109  7:47  Barracks Tech Lab  
  109  7:53  Hellion x2  
  105  8:14  SCV x2  
  107  8:20  Armory  
  107  8:21  SCV  
  107  8:23  Armory  
  107  8:24  Starport  
  107  8:25  Factory, Starport  
  107  8:26  SCV  
  109  8:28  Cyclone x2, Hellion x2  
  109  8:30  Cyclone x2  
  117  9:02  Starport Tech Lab x2  
  117  9:06  SCV x3  
  124  9:10  Cyclone, Hellion x2  
  124  9:12  Factory Reactor  
  127  9:17  Fusion Core, Terran Vehicle And Ship Armor Level 1, Terran Ship Weapons Level 1  
  127  9:18  SCV  
  127  9:19  Barracks Tech Lab  
  128  9:47  Cyclone x2, Hellion  
  123  10:10  Cyclone  
  123  10:11  Cyclone, Hellion x2  
  125  10:16  Hellion x2  
  125  10:19  Cyclone, Hellion  
  125  10:20  SCV x2  
  131  10:24  Engineering Bay  
  131  10:25  Weapon Refit  
  131  10:26  Battlecruiser x2  
  131  10:27  SCV x2  
  127  10:35  Widow Mine  
  127  10:36  Widow Mine  
  127  10:37  Widow Mine  
  127  10:38  SCV x2  
  127  10:41  Cyclone, Hellion  
  125  10:43  Cyclone, Hellion  
  121  10:51  SCV  
  115  11:07  Cyclone x2  
  115  11:08  Hellion x2  
  125  11:13  Cyclone  
  125  11:14  Missile Turret  
  125  11:16  Missile Turret  
  125  11:18  SCV x3  
  108  11:29  Cyclone  
  101  11:39  Cyclone x2, SCV x3  
  110  11:40  SCV x2  
  110  11:45  Cyclone  
  114  11:51  SCV x3  
  114  11:52  SCV  
  118  12:03  SCV x3  
  118  12:04  SCV  
  118  12:05  Refinery  
  118  12:06  Missile Turret  
  118  12:07  Refinery  
  121  12:08  SCV  
  121  12:15  SCV x3  
  124  12:16  SCV  
  124  12:20  SCV  
  123  12:25  Cyclone x2, Hellion  
  123  12:27  SCV x3  
  123  12:28  SCV  
Show
View Real Time Build Order
Export as new Build Order

Munte Zerg 

Build Orders: Hatch First 

Get SALT Encoding   

  12  0:00  Drone  
  13  0:12  Overlord  
  13  0:17  Drone  
  14  0:30  Drone  
  14  0:31  Drone  
  16  0:50  Hatchery  
  16  0:52  Drone  
  16  0:55  Drone  
  17  0:59  Drone  
  18  1:09  Extractor  
  17  1:15  Spawning Pool  
  16  1:20  Drone  
  16  1:21  Drone  
  18  1:28  Drone  
  19  1:39  Drone  
  20  1:50  Overlord  
  20  2:03  Queen  
  20  2:04  Queen  
  20  2:05  Zergling x4  
  26  2:11  Drone  
  26  2:14  Metabolic Boost  
  27  2:16  Drone  
  27  2:22  Drone  
  29  2:35  Drone x3  
  30  2:52  Queen  
  30  2:53  Queen  
  34  3:10  Drone x2  
  34  3:12  Overlord  
  36  3:14  Hatchery  
  36  3:16  Overlord  
  35  3:26  Drone  
  36  3:38  Lair, Queen  
  38  3:53  Roach Warren  
  37  3:56  Baneling Nest  
  37  3:58  Evolution Chamber  
  37  4:00  Drone  
  37  4:01  Drone x6  
  42  4:08  Drone x2  
  44  4:35  Roach  
  44  4:36  Roach x4  
  44  4:37  Roach x2  
  57  4:45  Overlord  
  57  5:00  Glial Reconstitution  
  57  5:08  Drone x3, Extractor  
  57  5:09  Extractor, Drone x3  
  57  5:10  Drone x2  
  57  5:11  Drone  
  64  5:40  Zerg Missile Weapons Level 1  
  64  5:43  Zergling x4  
  64  5:44  Overlord x4  
  66  5:54  Extractor  
  66  5:55  Drone  
  66  6:01  Queen  
  66  6:02  Queen  
  70  6:08  Drone x8  
  78  6:14  Overseer  
  78  6:21  Roach x3  
  83  6:32  Roach x6  
  90  6:34  Overlord  
  90  6:50  Roach x2  
  90  6:54  Roach x4  
  92  7:05  Roach  
  92  7:06  Roach  
  92  7:14  Zergling x2  
  92  7:15  Zergling x6  
  90  7:21  Queen  
  90  7:22  Queen  
  92  7:26  Zergling x6  
  95  7:35  Zergling x6  
  95  7:36  Overlord x2  
  98  7:41  Evolution Chamber, Hatchery  
  98  7:43  Extractor, Overlord  
  87  8:07  Spire  
  87  8:08  Roach x11  
  87  8:12  Zerg Missile Weapons Level 2  
  102  8:14  Zerg Ground Armor Level 1  
  102  8:19  Extractor  
  101  8:20  Drone x3  
  104  8:30  Queen  
  104  8:32  Queen  
  100  9:01  Drone x3  
  100  9:02  Drone x2  
  105  9:03  Overlord x2  
  106  9:17  Drone x8  
  106  9:19  Overlord x2  
  106  9:20  Overlord  
  113  9:35  Mutalisk  
  113  9:36  Mutalisk x4  
  119  9:41  Mutalisk x6  
  121  9:50  Zergling x12  
  104  10:19  Mutalisk  
  104  10:20  Mutalisk x5  
  112  10:26  Overlord x2  
  112  10:27  Overlord  
  104  10:44  Zergling x20  
  114  11:01  Mutalisk x4  
  103  11:25  Mutalisk  
  103  11:26  Mutalisk x6  
  94  11:50  Corruptor x3  
  98  11:54  Drone  
  98  11:55  Drone x8  
  107  12:06  Hatchery  
  106  12:16  Mutalisk  
  106  12:17  Mutalisk  
  106  12:19  Zergling x2  
  106  12:20  Zergling x24  
Tags
 
Add a new tag
Caveats
  • Supply blocks, unpowered buildings, or Contaminate may cause inaccurate times.
  • Supply counts are checked every 10 seconds.